 Dungeon Crawl Stone Soup version 0.29-a0-1006-g0dd7720b37 (webtiles) character file.

Game seed: 1243556041425657834

7756 Conn the Thaumaturge (level 11, -8/93 (94) HPs)
             Began as an Octopode Fire Elementalist on Aug 6, 2022.
             Was a Priest of Sif Muna.
             Killed by divine providence
             ... invoked by an orc priest
              (12 damage)
             ... on level 8 of the Dungeon.
             The game lasted 00:36:13 (9546 turns).

Conn the Thaumaturge (Octopode Fire Elementalist)   Turns: 9546, Time: 00:36:14

HP:   -8/93 (94)    AC: 25    Str:  8    XL:     11   Next: 20%
MP:   24/24         EV:  2    Int: 27    God:    Sif Muna [***...]
Gold: 74            SH:  0    Dex: 19    Spells: 5/28 levels left

rFire   . . .      SeeInvis .   H - +3 short sword (speed)
rCold   . . .      Faith    .   (no shield)
rNeg    . . .      Spirit   .   (helmet currently unavailable)
rPois   +          Reflect  .   t - amulet of magic regeneration
rElec   .          Harm     .   l - +6 ring of dexterity
rCorr   .          Rampage  .   B - +6 ring of intelligence
Will    +....      Rage     3%  I - ring of willpower
Stlth   +......... NoTele   +   (no ring)
HPRegen 0.25/turn               (no ring)
MPRegen 0.59/turn               (no ring)
                                (no ring)
                                (no ring)

@: confused, tree-form, ambrosia-drunk, hasted, lightly drained, very quick
A: stationary, stasis, torment immunity, boosted hp, almost no armour,
(amphibious), 8 rings, (camouflage 1), (gelatinous body 1), (nimble swimmer 1),
(tentacles), (iridescent scales 1), berserk 1
a: Renounce Religion, Channel Magic, Forget Spell


You were on level 8 of the Dungeon.
You worshipped Sif Muna.
Sif Muna was most pleased with you.
You were a tree.
You visited 2 branches of the dungeon, and saw 9 of its levels.

You collected 486 gold pieces.
You spent 412 gold pieces at shops.

Inventory:

Hand Weapons
 a - a +1 mace of holy wrath
 b - a +0 longbow
 u - a +2 vorpal hand axe
 v - a +1 sling of freezing
 z - a +1 dagger of flaming
 G - a +0 morningstar of protection
 H - a +3 short sword of speed (weapon)
Missiles
 x - 10 poisoned darts
Armour
 n - a +0 buckler
Jewellery
 l - a +6 ring of dexterity (left branch)
 t - an amulet of magic regeneration (around neck)
 A - a ring of ice
 B - a +6 ring of intelligence (right branch)
 I - a ring of willpower (on tentacle)
Wands
 j - a wand of acid (13)
 y - a wand of polymorph (9)
Scrolls
 c - 3 scrolls of enchant armour
 g - 2 scrolls of poison
 h - a scroll of fear
 i - 2 scrolls of butterflies
 k - 4 scrolls of enchant weapon
 m - 3 scrolls of teleportation
 q - 2 scrolls of immolation
 s - a scroll of magic mapping
 F - a scroll of blinking
 J - 3 scrolls of torment
Potions
 d - 2 potions of magic
 e - 3 potions of curing
 o - 2 potions of ambrosia
 p - a potion of lignification
 r - 2 potions of attraction
 w - a potion of might
 E - a potion of haste


   Skills:
 + Level 1.6 Fighting
 + Level 1.2(1.4) Axes
 + Level 1.1(1.3) Maces & Flails
 + Level 0.6 Ranged Weapons
 + Level 3.2 Dodging
 + Level 5.0 Stealth
 + Level 9.2 Spellcasting
 * Level 6.3 Conjurations
 + Level 1.1 Hexes
 - Level 4.0 Summonings
 + Level 8.8 Fire Magic
 * Level 1.4 Ice Magic
 - Level 3.1 Air Magic
 * Level 2.1 Poison Magic
 * Level 4.9 Invocations


You had 5 spell levels left.
You knew the following spells:

 Your Spells              Type           Power      Damage    Failure   Level
a - Foxfire               Conj/Fire      100%       2x1d9     1%          1
b - Conjure Flame         Conj/Fire      52%        6-21      1%          3
c - Inner Flame           Hex/Fire       39%        N/A       1%          3
d - Flame Wave            Conj/Fire      52%        2d13      1%          4
e - Scorch                Fire           100%       2d10      1%          2
f - Ozocubu's Armour      Ice            20%        N/A       8%          3
g - Summon Lightning Spi  Summ/Air       31%        N/A       11%         4
h - Mephitic Cloud        Conj/Pois/Air  33%        N/A       2%          3

Your spell library contained the following spells:

 Spells                   Type           Power      Damage    Failure   Level
 Ignite Poison            Fire/Tmut/Pois 32%        N/A       3%          3
 Apportation              Tloc           24%        N/A       4%          1
 Ensorcelled Hibernation  Hex/Ice        38%        N/A       4%          2
 Sublimation of Blood     Necr           12%        N/A       7%          2
 Spider Form              Tmut/Pois      18%        N/A       9%          3
 Freezing Cloud           Conj/Ice/Air   16%        6-21      28%         5
 Irradiate                Conj/Tmut      14%        3d16      34%         5
 Anguish                  Hex/Necr       7%         N/A       36%         4
 Petrify                  Tmut/Erth      12%        N/A       43%         4
 Metabolic Englaciation   Hex/Ice        9%         N/A       58%         5
 Alistair's Intoxication  Tmut/Pois      12%        N/A       63%         5
 Simulacrum               Ice/Necr       8%         N/A       99%         6
 Storm Form               Tmut/Air       10%        N/A       100%        7
 Maxwell's Capacitive Co  Air            14%        ∞         100%        8


Dungeon Overview and Level Annotations

Branches:
Dungeon (8/15)             Temple (1/1) D:4
   Lair: D:8-11

Altars:
Ashenzari
Cheibriados
Dithmenos
Elyvilon
Fedhas
Gozag
Hepliaklqana
Kikubaaqudgha
Makhleb
Nemelex Xobeh
Okawaru
Qazlal
Ru
Sif Muna
Trog
Uskayaw
Vehumet
Wu Jian
Xom
Yredelemnul
Zin
The Shining One

Shops:
D:2 *[::?   D:3 *


Innate Abilities, Weirdness & Mutations

You are a tree.
Your roots penetrate the ground, keeping you stationary.
You cannot be teleported.
You are immune to unholy pain and torment.
Your maximum health is greatly increased.
You cannot wear most types of armour.
((You are amphibious.))
You can wear up to eight rings at the same time.
((Your skin changes colour to match your surroundings (Stealth+).))
((Your rubbery body absorbs attacks. (AC +1, EV +1)))
((You are camouflaged when in or above water. (Stealth+)))
((You have tentacles for arms and can constrict up to eight enemies at once.))
((You are partially covered in iridescent scales. (AC +2)))
You sometimes lose your temper in combat.


Message History

You are engulfed in blazing flames.
Okay, then.
You are too confused!
Unknown command.
Unknown command.
You are engulfed in blazing flames.
You are engulfed in blazing flames.
An orc comes into view. It is wielding a +0 flail.
You are engulfed in blazing flames.
You are engulfed in blazing flames.
* * * LOW HITPOINT WARNING * * *
You are engulfed in blazing flames.
* * * LOW HITPOINT WARNING * * *
An orc priest comes into view. It is wielding a +0 dagger.
You are engulfed in blazing flames.
* * * LOW HITPOINT WARNING * * *
You feel less invigorated.
You feel less confused.
Okay, then.
Okay, then.
Unknown command.
Unknown command.
You feel better.
You are engulfed in blazing flames.
* * * LOW HITPOINT WARNING * * *
You are confused.
You feel invigorated.
You are engulfed in blazing flames.
Really quaff the potion of mutation?
You feel extremely strange.
You feel a little pissed off.
Iridescent scales grow over part of your body.
You are engulfed in blazing flames.
The orc priest begins to cast a cantrip, but forgets the words!
Unknown command.
Unknown command.
Unknown command.
You are engulfed in blazing flames.
* * * LOW HITPOINT WARNING * * *
The orc priest calls down the wrath of Beogh upon you.
Beogh smites you!
You die...

....... ....... .......
....... ....... ####
....$..
...#####....oo○##########
.............oz°♣......>#
...#####...[..○########.#
.### ....... #.# ##
....... #.# ####### #.#
#.# #.# ## ### #.# .# #.#
#.#


You could see a wight, 2 orc priests and an orc.

Vanquished Creatures
  Pikel (D:5)
  Maurice (D:8)
  Joseph (D:7)
  A gargoyle (D:7)
  5 hornets
  Sigmund (D:3)
  A shadow (D:7)
  6 yaks (D:8)
  A wraith (D:7)
  Menkaure (D:7)
  Duvessa (D:5)
  3 water moccasins
  2 ice beasts (D:7)
  An orc warrior (D:6)
  A sky beast (D:7)
  3 black bears
  2 ogres
  2 centaurs
  A phantom (D:6)
  2 bullfrogs
  3 scorpions
  A necrophage (D:7)
  11 wights
  Dowan (D:5)
  8 killer bees (D:7)
  A vampire bat (D:6)
  A howler monkey (D:6)
  9 hounds
  An orc priest (D:6)
  A jelly (D:5)
  Crazy Yiuf (D:5)
  Jessica (D:3)
  4 iguanas
  8 orc wizards
  Robin (D:4)
  10 adders
  A shadow imp (D:5)
  A white imp (D:7)
  An ufetubus (D:6)
  2 worms (D:3)
  2 dart slugs (D:2)
  33 orcs
  8 endoplasms
  4 giant cockroaches
  18 goblins
  9 hobgoblins
  6 jackals
  3 kobolds
  6 quokkas
  11 ball pythons
  17 bats
  4 frilled lizards
  5 rats
230 creatures vanquished.

Vanquished Creatures (collateral kills)
  A killer bee (D:7)
1 creature vanquished.

Vanquished Creatures (others)
  597 foxfires
597 creatures vanquished.

Grand Total: 828 creatures vanquished

Notes
Turn   | Place    | Note
-------+----------+-------------------------------------------
     0 | D:1      | Conn the Octopode Fire Elementalist began the quest for the
                  | Orb.
     0 | D:1      | Reached XP level 1. HP: 11/11 MP: 3/3
    82 | D:1      | Found a faded altar of an unknown god.
   352 | D:1      | Reached XP level 2. HP: 17/17 MP: 0/5
   894 | D:1      | Reached XP level 3. HP: 21/21 MP: 2/6
   899 | D:1      | Learned a level 2 spell: Scorch
   903 | D:1      | Learned a level 3 spell: Conjure Flame
  1459 | D:2      | Found Voef's Magic Scroll Emporium.
  1491 | D:2      | Bought a scroll of fear for 48 gold pieces
  1600 | D:2      | Found Ulacs's Book Shoppe.
  1840 | D:2      | Found Ceesulid's Assorted Antiques.
  1923 | D:2      | Reached XP level 4. HP: 22/27 MP: 3/7
  2191 | D:2      | Found Lysifuixt's Armour Boutique.
  2197 | D:2      | Found Jieremas's Book Shoppe.
  3037 | D:3      | Noticed Sigmund
  3334 | D:3      | Reached XP level 5. HP: 31/31 MP: 9/9
  3338 | D:3      | Learned a level 3 spell: Inner Flame
  3350 | D:3      | Found Ter Zeop's General Store.
  3486 | D:4      | Noticed an ogre
  3627 | D:3      | Noticed Jessica
  3631 | D:3      | Killed Jessica
  3708 | D:3      | Reached skill level 3 in Spellcasting
  3710 | D:3      | Found a hide-covered altar of Uskayaw.
  3836 | D:3      | Killed Sigmund
  3837 | D:3      | Reached skill level 1 in Maces & Flails
  3837 | D:3      | Reached XP level 6. HP: 31/37 MP: 0/11
  4068 | D:4      | Reached skill level 1 in Fighting
  4089 | D:4      | Noticed Robin
  4095 | D:4      | Killed Robin
  4119 | D:4      | Reached XP level 7. HP: 41/43 MP: 4/12
  4149 | D:4      | Reached skill level 4 in Spellcasting
  4205 | D:4      | Found a staircase to the Ecumenical Temple.
  4221 | Temple   | Entered the Ecumenical Temple
  4370 | Temple   | Became a worshipper of Sif Muna the Loreminder
  4626 | D:5      | Entered Level 5 of the Dungeon
  4631 | D:5      | Reached skill level 5 in Fire Magic
  4655 | D:5      | Noticed Duvessa
  4656 | D:5      | Noticed Dowan
  4660 | D:5      | Killed Duvessa
  4663 | D:5      | Killed Dowan
  4829 | D:5      | Found a runed translucent door.
  4830 | D:5      | Noticed Crazy Yiuf
  4837 | D:5      | Killed Crazy Yiuf
  4873 | D:5      | Reached skill level 5 in Spellcasting
  4873 | D:5      | Reached XP level 8. HP: 48/48 MP: 11/15
  5334 | D:5      | Reached skill level 6 in Spellcasting
  5465 | D:5      | Noticed Pikel
  5474 | D:5      | Killed Pikel
  5475 | D:5      | Reached XP level 9. HP: 53/53 MP: 7/19
  5759 | D:6      | Reached * piety under Sif Muna
  5760 | D:6      | Reached skill level 7 in Spellcasting
  5996 | D:6      | Reached skill level 1 in Axes
  6064 | D:6      | Reached skill level 1 in Hexes
  6381 | D:6      | Reached ** piety under Sif Muna
  6409 | D:6      | Learned a level 4 spell: Flame Wave
  6413 | D:6      | Learned a level 3 spell: Ozocubu's Armour
  6418 | D:6      | Learned a level 4 spell: Summon Lightning Spire
  6445 | D:7      | Found an iron altar of Okawaru.
  6445 | D:7      | Found a glowing silver altar of Zin.
  6445 | D:7      | Found an opulent altar of Gozag.
  6445 | D:7      | Found a blossoming altar of Fedhas.
  6446 | D:7      | Found a glowing golden altar of the Shining One.
  6446 | D:7      | Found an ornate altar of the Wu Jian Council.
  6447 | D:7      | Found a sacrificial altar of Ru.
  6451 | D:7      | Noticed a hornet
  6457 | D:7      | Killed a hornet
  6458 | D:7      | Reached skill level 8 in Spellcasting
  6458 | D:7      | Reached skill level 1 in Air Magic
  6858 | D:7      | Reached skill level 1 in Summonings
  6860 | D:7      | Reached skill level 1 in Invocations
  6873 | D:7      | Noticed Menkaure
  6909 | D:7      | Killed Menkaure
  6910 | D:7      | Reached XP level 10. HP: 59/59 MP: 18/22
  6949 | D:7      | Reached skill level 5 in Conjurations
  7036 | D:7      | Found a broken altar of Ashenzari.
  7221 | D:7      | Noticed Joseph
  7801 | D:2      | Bought a Trismegistus Codex for 364 gold pieces
  7805 | D:2      | Learned a level 3 spell: Mephitic Cloud
  7922 | D:7      | Paralysed by a hornet for 2 turns
  8410 | D:7      | Noticed a gargoyle
  8420 | D:7      | Killed a gargoyle
  8748 | D:7      | Killed Joseph
  8937 | D:7      | Found a snail-covered altar of Cheibriados.
  8941 | D:7      | Found a hazy altar of Hepliaklqana.
  8950 | D:7      | Found a shimmering altar of Xom.
  8964 | D:7      | Found a sparkling altar of Nemelex Xobeh.
  8966 | D:7      | Found a basalt altar of Yredelemnul.
  9065 | D:8      | Noticed Maurice
  9076 | D:8      | Killed Maurice
  9077 | D:8      | Reached skill level 9 in Spellcasting
  9079 | D:8      | Reached skill level 1 in Poison Magic
  9086 | D:8      | Reached XP level 11. HP: 63/63 MP: 12/24
  9290 | D:8      | Reached skill level 1 in Ice Magic
  9301 | D:8      | Reached *** piety under Sif Muna
  9302 | D:8      | Reached skill level 5 in Stealth
  9545 | D:8      | Gained mutation: You sometimes lose your temper in combat.
                  | [potion of mutation]
  9545 | D:8      | Gained mutation: You are partially covered in iridescent
                  | scales. (AC +2) [potion of mutation]
  9546 | D:8      | HP: 2/93 [cloud of flame (17)]
  9546 | D:8      | Killed from afar by an orc priest

Illustrated notes

Levels and vault maps discovered:
D:1:      amcnicky_arrival_feature_with_door, layout_basic,
          hellmonk_ecumenical_altar_crossroads
D:2:      layout_loops_ring, serial_shops, shop, shop,
          nicolae_shop_behind_doors, shop_coins, shop
D:3:      layout_rooms, eat_drink_and_be_merry_uskayaw, serial_shops,
          nicolae_shop_stone, minmay_misc_feat_columns, uniq_jessica,
          uniq_sigmund
D:4:      layout_rooms, minmay_temple_entry_mini_moons, uniq_robin
D:5:      minmay_evil_eye, layout_loops_cross, uniq_pikel, uniq_duvessa,
          uniq_crazy_yiuf_cottage
D:6:      layout_basic, roderic_batcave, minivault_25
D:7:      minmay_cornered_nines, layout_basic, grunt_temple_overflow_open,
          minmay_overflow_temple_star_hex, ashenzari_altar_1, uniq_joseph,
          uniq_menkaure
D:8:      layout_basic, uniq_maurice
Temple:   hellmonk_temple_flake

Skill      XL: |  1  2  3  4  5  6  7  8  9 10 11 |
---------------+----------------------------------+-----
Stealth        | 3 4 5 |  5.0
Conjurations   | 2 3 4 5 6 |  6.3
Spellcasting   | 3 5 6 8 9 |  9.2
Maces & Flails | 1 |  1.1
Fire Magic     | 4 5 6 7 8 |  8.8
Fighting       | 1 |  1.6
Axes           | 1 |  1.2
Hexes          | 1 |  1.1
Air Magic      | 2 3 |  3.1
Summonings     | 2 3 4 |  4.0
Invocations    | 1 4 |  4.9
Dodging        | 3 |  3.2
Poison Magic   | 1 2 |  2.1
Ice Magic      | 1 |  1.4
Ranged Weapons | |  0.6

Action                   |  1- 3 |  4- 6 |  7- 9 | 10-12 || total
-------------------------+-------+-------+-------+-------++-------
Melee: Unarmed           |     2 |       |       |       ||     2
       Mace              |    11 |    15 |       |       ||    26
       Constrict         |     2 |     2 |     5 |     3 ||    12
       Tentacles         |       |     2 |     4 |     6 ||    12
       Hand axe          |       |     1 |    10 |       ||    11
       Short sword       |       |       |    10 |    14 ||    24
       Punch             |       |       |       |     1 ||     1
 Fire: Longbow           |     9 |       |       |       ||     9
 Cast: Foxfire           |    68 |   100 |   148 |    37 ||   353
       Scorch            |       |     8 |    56 |    49 ||   113
       Conjure Flame     |       |     1 |     5 |     3 ||     9
       Inner Flame       |       |     1 |     3 |     2 ||     6
       Flame Wave        |       |       |     4 |    12 ||    16
       Ozocubu's Armour  |       |       |     1 |       ||     1
       Mephitic Cloud    |       |       |       |     6 ||     6
       Summon Lightning  |       |       |       |     2 ||     2
  Use: Scroll            |       |     1 |       |    17 ||    18
       Potion            |       |       |       |     9 ||     9
 Stab: Sleeping          |     4 |     3 |       |       ||     7
       Confused          |       |       |       |     1 ||     1
Armor: Skin              |     4 |       |     5 |    19 ||    28
Dodge: Dodged            |    22 |    15 |    50 |    31 ||   118

Table legend: (Time is in decaauts)
 A = Elapsed time spent in this place.
 B = Non-inter-level travel time spent in this place.
 C = Inter-level travel time spent in this place.
 D = Time resting spent in this place.
 E = Time spent auto-exploring this place.
 F = Levels seen in this place.
 G = Mean time per level.
                   A        B        C        D        E       F      G
               +--------+--------+--------+--------+--------+-----+--------+
         Total |   9560 |   9123 |    437 |    988 |   5859 |   9 | 1062.2 |
       Dungeon |   9400 |   8963 |    437 |    988 |   5731 |   8 | 1175.0 |
        Temple |    159 |    159 |      0 |      0 |    128 |   1 |  159.0 |
               +--------+--------+--------+--------+--------+-----+--------+

Top non-repeatable levels by time:
     D:1: 1465 daAuts
     D:7: 1461 daAuts
     D:3: 1378 daAuts
     D:2: 1258 daAuts
     D:5: 1176 daAuts
     D:8: 1173 daAuts
     D:6: 1002 daAuts
     D:4: 485 daAuts
  Temple: 159 daAuts
